 Dungeon Crawl Stone Soup version 0.22-a0-571-g4a923d4 (webtiles) character file.

100 Hebeh the Shield-Bearer (level 4, -1/41 HPs)
             Began as a Minotaur Fighter on July 1, 2018.
             Slain by a worm (8 damage)
             ... on level 3 of the Dungeon.
             The game lasted 00:04:15 (1716 turns).

Hebeh the Shield-Bearer (Minotaur Fighter)          Turns: 1716, Time: 00:04:16

Health: -1/41      AC:  8    Str: 22    XL:     4   Next: 46%
Magic:  3/3        EV:  7    Int:  5    God:
Gold:   69         SH:  9    Dex:  9    Spells: 3/3 levels left

rFire    . . .     SeeInvis .   a - +0 war axe
rCold    . . .     Gourm    .   c - +0 shield
rNeg     . . .     Faith    .   b - +0 scale mail
rPois    .         Spirit   .   (helmet restricted)
rElec    .         Reflect  .   (no cloak)
rCorr    .         Harm     .   g - +0 pair of gloves
MR       .....                  (no boots)
Stlth    ..........             (no amulet)
HPRegen  0.13/turn              (no ring)
MPRegen  0.08/turn              (no ring)

@: no status effects
A: retaliatory headbutt, horns 2
a: no special abilities


You were on level 3 of the Dungeon.
You were not hungry.

You visited 1 branch of the dungeon, and saw 3 of its levels.

You collected 69 gold pieces.

Inventory:

Hand Weapons
 a - a +0 war axe (weapon)
Armour
 b - a +0 scale mail (worn)
 c - a +0 shield (worn)
 g - a +0 pair of gloves (worn)
Wands
 s - a wand of flame (31)
Scrolls
 i - a scroll of random uselessness {unknown}
 j - a scroll of fear {unknown}
 m - a scroll of immolation {unknown}
 n - a scroll of fog {unknown}
 p - a scroll of enchant armour {unknown}
 r - a scroll of identify {unknown}
 u - a scroll of enchant weapon {unknown}
Potions
 d - a potion of might
 e - a potion of haste {unknown}
 h - a potion of flight {unknown}
 k - a potion of degeneration {unknown}
 l - 2 potions of brilliance {unknown}
 o - a potion of curing {unknown}
 t - a potion of heal wounds {unknown}
Comestibles
 f - 7 rations
 q - 9 chunks of flesh


   Skills:
 + Level 4.3 Fighting
 * Level 4.0 Axes
 + Level 4.3 Armour
 + Level 4.3 Shields


You had 3 spell levels left.
You didn't know any spells.
Your spell library was empty.

Dungeon Overview and Level Annotations

Branches:
Dungeon (3/15)

Altars:
The Shining One


Innate Abilities, Weirdness & Mutations

You reflexively headbutt those who attack you in melee.
You have a pair of horns on your head.


Message History

You closely miss the orc. You block the bat's attack.
The orc hits you but does no damage.
The orc priest looks encouraged for a moment.
The orc wizard barely misses you. You furiously retaliate!
You headbutt the orc wizard.
Your shield prevents you from hitting the worm.
Your headbutt misses the worm. You hit the orc wizard. You hit the orc.
A bat comes into view.
The orc closely misses you. You furiously retaliate!
You headbutt the orc, but do no damage. The orc wizard hits you with a dagger.
The bat moves out of view.
You slash the worm! You headbutt the worm.
The worm is severely wounded.
You barely miss the orc wizard. You closely miss the orc.
The orc hits you with a flail!
* * * LOW HITPOINT WARNING * * *
The orc wizard hits you with a dagger.
* * * LOW HITPOINT WARNING * * *
The worm bites you!
You die...

...###..................$..
......)...##....# ........?
#########...#...# #........
# #.....###........
######## ###..)##.........
.......######...##...w..:..
######<.........bo.........
#######...owoo.)......
##....@#.........
##....####........ #..#..#
......... #### #.##.$#
#.####.### ...# #.##..# #.
... ##.## #.###.# #. ..#
#..# ###.# #.. #. .# ##)##
#...# #.##. #..###.#.## #.


You could see 2 worms, an orc priest, an orc wizard, 2 orcs and a bat.

Vanquished Creatures
  Ijyb (D:3)
  An adder (D:2)
  2 worms
  2 leopard geckos
  An orc (D:3)
  A ball python (D:1)
  5 bats
  A giant cockroach (D:1)
  8 goblins
  6 hobgoblins
  4 jackals (D:1)
  8 kobolds
  2 quokkas (D:3)
  5 frilled lizards
  8 rats
55 creatures vanquished.

Notes
Turn   | Place    | Note
-------+----------+-------------------------------------------
     0 | D:1      | Hebeh the Minotaur Fighter began the quest for the Orb.
     0 | D:1      | Reached XP level 1. HP: 19/19 MP: 0/0
   200 | D:1      | Reached XP level 2. HP: 27/27 MP: 1/1
   765 | D:2      | Reached XP level 3. HP: 33/33 MP: 2/2
  1328 | D:2      | Found a glowing golden altar of the Shining One.
  1660 | D:3      | Found a faded altar of an unknown god.
  1671 | D:3      | Noticed Ijyb
  1674 | D:3      | Reached XP level 4. HP: 35/40 MP: 3/3
  1679 | D:3      | Killed Ijyb
  1716 | D:3      | Slain by a worm

Vault maps used:
D:1:      dpeg_arrival_pits
D:2:      nicolae_tso_swordbearing_angel
D:3:      chequers_ecumenical_altar_simple_redux, uniq_ijyb

Skill      XL: |  1  2  3  4 |
---------------+-------------+-----
Axes           | 3 4 |  4.0
Shields        | 4 |  4.3
Armour         | 4 |  4.3
Fighting       | 4 |  4.3

Action                   |  1- 3 |  4- 6 || total
-------------------------+-------+-------++-------
Melee: War axe           |   113 |    15 ||   128
       Headbutt          |    17 |     2 ||    19
  Eat: Chunk             |     3 |       ||     3
Armor: Scale mail        |    44 |     8 ||    52
Dodge: Dodged            |    32 |     9 ||    41
Block: Shield            |    58 |    17 ||    75

Table legend:
 A = Spawn XP
 B = Non-spawn XP
 C = Spawn XP percentage of total XP
 D = Spawn monster count
 E = Non-spawn monster count
 F = Spawn count percentage of total count
 G = Total turns spent on level
                    A         B        C        D         E        F      G
               +---------+---------+-------+---------+---------+-------+---------
         Total |       0 |     143 |   0.0 |       0 |      55 |   0.0 |  1716
               +---------+---------+-------+---------+---------+-------+---------
           D:1 |       0 |      39 |   0.0 |       0 |      25 |   0.0 |   757
           D:2 |       0 |      35 |   0.0 |       0 |      11 |   0.0 |   741
           D:3 |       0 |      69 |   0.0 |       0 |      19 |   0.0 |   218
               +---------+---------+-------+---------+---------+-------+---------
